 Dungeon Crawl Stone Soup version 0.31-a0-1074-g0b22e4e0f1 (webtiles) character file.

Game seed: 9534349488383520915

112 kaliiiiii the Covered (level 4, -2/38 HPs)
             Began as an Armataur Fighter on Dec 3, 2023.
             Was a Follower of Dithmenos.
             Slain by Blork the orc
             ... wielding a +0 halberd
              (4 damage)
             ... on level 4 of the Dungeon.
             The game lasted 00:12:43 (2565 turns).

kaliiiiii the Covered (Armataur Fighter)            Turns: 2565, Time: 00:12:43

Health: -2/38      AC:  8    Str: 22    XL:     4   Next: 63%
Magic:  4/4        EV:  7    Int:  8    God:    Dithmenos [*.....]
Gold:   186        SH:  9    Dex: 11    Spells: 3/3 levels left

rFire   . . .        f - +4 sling (freeze)
rCold   . . .        c - +0 buckler
rNeg    . . .        b - +0 scale mail
rPois   .            (no helmet)
rElec   .            (no cloak)
rCorr   .            h - +0 pair of gloves
SInv    .            (no barding)
Will    .....        k - amulet of reflection Stlth
                     (no ring)
HPRegen 0.26/turn    (no ring)
MPRegen 0.09/turn

%: reflection, roll
@: wreathed by umbra
A: large, deformed body, tough skin 3, armoured tail, roll 1, long tongue
a: Renounce Religion


You were on level 4 of the Dungeon.
You worshipped Dithmenos.
Dithmenos was aware of your devotion.
You visited 1 branch of the dungeon, and saw 4 of its levels.

You collected 186 gold pieces.

Inventory:

Hand Weapons
 a - a +0 rapier
 f - a +4 sling of freezing (weapon)
 r - a +2 dagger of draining
Missiles
 m - 24 stones
Armour
 b - a +0 scale mail (worn)
 c - a +0 buckler (worn)
 h - a +0 pair of gloves (worn)
Jewellery
 k - an amulet of reflection (around neck)
 u - an amulet of magic regeneration
Scrolls
 e - a scroll of teleportation
 g - 4 scrolls of fear
 j - a scroll of noise
 o - a scroll of identify
 p - a scroll of brand weapon {unknown}
 q - a scroll of blinking {unknown}
 s - a scroll of immolation {unknown}
 t - a scroll of poison {unknown}
 w - a scroll of enchant armour {unknown}
Potions
 d - a potion of might
 i - 3 potions of heal wounds
 l - 2 potions of haste
 n - 2 potions of degeneration {unknown}
 v - a potion of attraction {unknown}


   Skills:
 * Level 3.1 Fighting
 - Level 2.0 Short Blades
 * Level 2.1 Ranged Weapons
 + Level 4.1 Armour
 - Level 0.4 Dodging
 - Level 3.6 Shields


You had 3 spell levels left.
You didn't know any spells.
Your spell library contained the following spells:

 Spells                   Type           Power      Damage    Failure   Level
 Wereblood                Tmut           0%         N/A       90%         2
 Ozocubu's Armour         Ice            0%         N/A       99%         3
 Irradiate                Conj/Tmut      0%         3d11      100%        5
 Metabolic Englaciation   Hex/Ice        0%         N/A       100%        5
 Simulacrum               Ice/Necr       0%         N/A       100%        6


Dungeon Overview and Level Annotations

Branches:
Dungeon (4/15)
 Temple: D:4-7

Altars:
Dithmenos

Annotations:
D:2 1 runed translucent door, Crazy Yiuf
D:4 Blork the orc


Innate Abilities, Weirdness & Mutations

Armour fits poorly on your strangely shaped body.
You have extremely tough skin. (AC +3)
You have a long armoured tail.
You roll when moving toward enemies. (Rampage)
Your long tongue fully drains potion bottles. (2x potion effects)


Message History

Press: ? - help, Q - select action, (/) - cycle Shift-Dir - straight line, f/p - Blork the orc
Aim: Blork the orc, wielding a +0 halberd and wearing a +0 robe (heavily wounded, 64% to hit)
You shoot a sling bullet.
The sling bullet barely misses Blork the orc.
You block the hobgoblin's attack.
Blork the orc hits you from afar with a +0 halberd!
Blork the orc closely misses you. The hobgoblin hits you.
Fire: f) +4 sling (freeze)
Press: ? - help, Q - select action, (/) - cycle Shift-Dir - straight line, f/p - Blork the orc
Aim: Blork the orc, wielding a +0 halberd and wearing a +0 robe (heavily wounded, 64% to hit)
You shoot a sling bullet. The sling bullet hits Blork the orc.
The sling bullet freezes Blork the orc.
Blork the orc is almost dead.
The hobgoblin hits you but does no damage.
You block Blork the orc's attack.
Fire: f) +4 sling (freeze)
Press: ? - help, Q - select action, (/) - cycle Shift-Dir - straight line, f/p - Blork the orc
Aim: Blork the orc, wielding a +0 halberd and wearing a +0 robe (almost dead, 64% to hit)
You shoot a sling bullet.
The sling bullet closely misses Blork the orc.
The hobgoblin barely misses you.
Blork the orc gestures at you while chanting.
The puff of flame hits you! The hobgoblin barely misses you.
Blork the orc hits you from afar with a +0 halberd!
* * * LOW HITPOINT WARNING * * *
Fire: f) +4 sling (freeze)
Press: ? - help, Q - select action, (/) - cycle Shift-Dir - straight line, f/p - Blork the orc
Aim: Blork the orc, wielding a +0 halberd and wearing a +0 robe (almost dead, 64% to hit)
You shoot a sling bullet.
The sling bullet completely misses Blork the orc.
You block the hobgoblin's attack. Blork the orc closely misses you.
Fire: f) +4 sling (freeze)
Press: ? - help, Q - select action, (/) - cycle Shift-Dir - straight line, f/p - Blork the orc
Aim: Blork the orc, wielding a +0 halberd and wearing a +0 robe (severely wounded, 64% to hit)
You shoot a sling bullet. The sling bullet hits Blork the orc.
The sling bullet freezes Blork the orc.
Blork the orc is almost dead.
You block the hobgoblin's attack.
Blork the orc hits you from afar with a +0 halberd.
You die...

#.#
#.#
#$#
...
#.#
#o# #
##.#.#
#.@g.#
#..###
#..#
#<$#
#..#
...#
#.##
..


You could see Blork the orc and a hobgoblin.

Vanquished Creatures
  Jessica (D:2)
  An adder (D:2)
  2 worms
  2 orcs (D:3)
  8 endoplasms
  3 giant cockroaches
  9 goblins
  2 hobgoblins
  5 jackals (D:1)
  8 ball pythons
  7 bats
  8 frilled lizards
  7 kobolds
  4 rats
67 creatures vanquished.

Notes
Turn   | Place    | Note
-------+----------+-------------------------------------------
     0 | D:1      | kaliiiiii the Armataur Fighter began the quest for the Orb.
     0 | D:1      | Reached XP level 1. HP: 18/18 MP: 1/1
    52 | D:1      | Reached XP level 2. HP: 13/25 MP: 2/2
   137 | D:1      | Reached skill level 4 in Armour
   654 | D:1      | Reached XP level 3. HP: 30/30 MP: 3/3
  1083 | D:2      | Noticed Jessica
  1095 | D:2      | Killed Jessica
  1096 | D:2      | Reached skill level 1 in Ranged Weapons
  1096 | D:2      | Reached XP level 4. HP: 19/38 MP: 4/4
  1706 | D:2      | Found a runed translucent door.
  1707 | D:2      | Noticed Crazy Yiuf
  1732 | D:3      | Found a faded altar of an unknown god.
  1741 | D:3      | Prayed at the altar of an unknown god.
  1741 | D:3      | Became a worshipper of Dithmenos the Shadowed
  1741 | D:3      | Reached * piety under Dithmenos
  2556 | D:4      | Noticed Blork the orc
  2563 | D:4      | HP: 1/38 [Blork the orc/+0 halberd (11)]
  2565 | D:4      | Slain by Blork the orc

Illustrated notes

Levels and vault maps discovered:
D:1:      psy_arrival_statuary, layout_rooms, minmay_misc_feat_pillars,
          corexii_item_surrounded_by_moat, minmay_pentomino_p2
D:2:      layout_rooms, uniq_jessica, uniq_crazy_yiuf_cottage
D:3:      layout_loops_ring, serial_co_window_serial, co_window_paths_a,
          co_window_of_opportunity_a, co_window_paths_a, co_window_corner_a,
          co_window_paths_a, co_window_corner_b, co_window_unsneaky_path_a,
          co_window_of_opportunity_c, co_window_cross_2, co_window_corner_cb,
          co_window_unsneaky_path_c, chequers_ecumenical_altar_simple
D:4:      layout_loops_ring, lemuel_crystal_altar,
          amethyst_overflow_temple_binary, temple_fountains, uniq_duvessa,
          uniq_blork_the_orc

Skill      XL: |  1  2  3  4 |
---------------+-------------+-----
Armour         | 4 |  4.1
Short Blades   | 2 |  2.0
Fighting       | 3 |  3.1
Ranged Weapons | 1 2 |  2.1
Dodging        | |  0.4
Shields        | |  3.6

Action                     |  1- 3 |  4- 6 || total
---------------------------+-------+-------++-------
  Melee: Rapier            |    78 |       ||    78
         Tailslap          |     6 |       ||     6
   Fire: Sling             |    55 |    63 ||   118
    Use: Potion            |     2 |       ||     2
         Scroll            |     3 |     2 ||     5
 Armour: Scale mail        |   153 |    13 ||   166
  Dodge: Dodged            |    64 |    17 ||    81
  Block: Buckler           |    50 |    16 ||    66

Table legend: (Time is in decaauts)
 A = Elapsed time spent in this place.
 B = Non-inter-level travel time spent in this place.
 C = Inter-level travel time spent in this place.
 D = Time resting spent in this place.
 E = Time spent auto-exploring this place.
 F = Levels seen in this place.
 G = Mean time per level.
                   A        B        C        D        E       F      G
               +--------+--------+--------+--------+--------+-----+--------+
         Total |   2596 |   2554 |     42 |    660 |   1113 |   4 |  649.0 |
       Dungeon |   2596 |   2554 |     42 |    660 |   1113 |   4 |  649.0 |
               +--------+--------+--------+--------+--------+-----+--------+

Top non-repeatable levels by time:
     D:2: 1038 daAuts
     D:3: 839 daAuts
     D:1: 705 daAuts
     D:4: 12 daAuts
